 Dungeon Crawl Stone Soup version 0.31-a0-435-g2c6fae2916 (webtiles) character file.

Game seed: 8810805386215907520

7121 randomguy2701 the Cleaver (level 10, -11/91 HPs)
             Began as a Minotaur Fighter on Aug 2, 2023.
             Was a Priest of Okawaru.
             Killed from afar by an ice dragon (18 damage)
             ... with a blast of cold
             ... in an ice cave.
             The game lasted 00:16:21 (11199 turns).

randomguy2701 the Cleaver (Minotaur Fighter)       Turns: 11199, Time: 00:16:21

Health: -11/91     AC: 14    Str: 20    XL:     10   Next: 85%
Magic:  0/10       EV: 15    Int:  5    God:    Okawaru [***...]
Gold:   633        SH: 15    Dex: 27    Spells: 9/9 levels left

rFire   . . .        J - +3 hand axe (elec)
rCold   . . .        a - +0 kite shield
rNeg    . . .        q - +0 chain mail
rPois   .            b - +1 hat
rElec   .            (no cloak)
rCorr   .            (no gloves)
SInv    .            (no boots)
Will    .....        z - amulet of guardian spirit
Stlth   +            D - +6 ring of dexterity
HPRegen 0.35/turn    j - +6 ring of dexterity
MPRegen 0.12/turn

%: guardian spirit
@: heroic
A: horns 2, retaliatory headbutt
a: Renounce Religion, Heroism


You were in an ice cave.
You worshipped Okawaru.
Okawaru was most pleased with you.
You visited 3 branches of the dungeon, and saw 11 of its levels.
You also visited: Sewer and Ice Cave.

You collected 659 gold pieces.
You spent 26 gold pieces at shops.

Inventory:

Hand Weapons
 J - a +3 hand axe of electrocution (weapon)
Missiles
 l - 3 throwing nets
Armour
 a - a +0 kite shield (worn)
 b - a +1 hat (worn)
 c - a +0 buckler
 q - a +0 chain mail (worn)
Jewellery
 g - a ring of resist corrosion
 j - a +6 ring of dexterity (right hand)
 z - an amulet of guardian spirit (around neck)
 D - a +6 ring of dexterity (left hand)
 E - a +4 ring of protection
Wands
 t - a wand of polymorph (16)
 B - a wand of flame (17)
 C - a wand of iceblast (12)
Scrolls
 f - a scroll of identify
 h - 2 scrolls of blinking
 i - a scroll of immolation {unknown}
 m - 4 scrolls of enchant weapon {unknown}
 p - a scroll of summoning {unknown}
 u - a scroll of noise {unknown}
 v - 3 scrolls of enchant armour {unknown}
 y - 2 scrolls of fear {unknown}
 A - 2 scrolls of amnesia {unknown}
 H - 2 scrolls of vulnerability {unknown}
 I - a scroll of poison {unknown}
Potions
 d - 2 potions of might
 e - 4 potions of curing
 k - a potion of degeneration {unknown}
 n - 2 potions of haste
 o - a potion of resistance {unknown}
 r - a potion of brilliance
 s - 2 potions of enlightenment
 w - 2 potions of mutation
 x - a potion of berserk rage
 F - a potion of ambrosia {unknown}
 G - a potion of heal wounds {unknown}


   Skills:
 + Level 9.1(14.1) Fighting
 + Level 12.9(17.9) Axes
 + Level 10.4(15.4) Armour
 + Level 4.2(9.2) Dodging
 + Level 1.1(6.1) Stealth
 + Level 7.3(12.3) Shields
 * Level 2.0 Invocations


You had 9 spell levels left.
You didn't know any spells.
Your spell library contained the following spells:

 Spells                   Type           Power      Damage    Failure   Level
 Shock                    Conj/Air       0%         1d3       99%         1
 Sting                    Tmut/Pois      0%         1d3       99%         1
 Poisonous Vapours        Pois/Air       0%         N/A       99%         2
 Mephitic Cloud           Conj/Pois/Air  0%         N/A       100%        3
 Swiftness                Air            0%         N/A       100%        3
 Airstrike                Air            0%         2d(0-16)  100%        4
 Olgreb's Toxic Radiance  Pois           0%         N/A       100%        4
 Freezing Cloud           Conj/Ice/Air   0%         6-21      100%        5
 Orb of Destruction       Conj           0%         9d5       100%        7
 Summon Guardian Golem    Hex/Summ       Unusable   N/A       N/A         3
 Spellforged Servitor     Conj/Summ      Unusable   N/A       N/A         7

Dungeon Overview and Level Annotations

Branches:
Dungeon (9/15)             Temple (1/1) D:5            Lair (1/5) D:8
    Orc (0/2) D:9           Sewer (visited)           IceCv (1/1)

Altars:
Ashenzari
Cheibriados
Dithmenos
Elyvilon
Fedhas
Gozag
Hepliaklqana
Kikubaaqudgha
Nemelex Xobeh
Okawaru
Qazlal
Ru
Sif Muna
Trog
Uskayaw
Vehumet
Wu Jian
Xom
Yredelemnul
Zin
The Shining One

Shops:
D:1 [   D:5 [   D:6 ?

Annotations:
IceCv exclusion: 2 ice statues


Innate Abilities, Weirdness & Mutations

You have a pair of horns on your head.
You reflexively headbutt those who attack you in melee.


Message History

The steam dragon simulacrum freezes you!
The ice dragon bites you but does no damage.
You block the ice dragon's attack. x2
You hit the ice dragon. Your headbutt misses the ice dragon.
The ice dragon is moderately wounded.
You barely miss the steam dragon simulacrum.
The ice dragon breathes frost at you. The blast of cold hits you!!
* * * LOW HITPOINT WARNING * * *
The steam dragon simulacrum bites you but does no damage.
You block the steam dragon simulacrum's attack.
You hit the steam dragon simulacrum but do no damage.
The steam dragon simulacrum is severely damaged.
You hit the ice dragon but do no damage.
Unknown command.
You hit the steam dragon simulacrum.
Your headbutt misses the steam dragon simulacrum.
The steam dragon simulacrum is almost destroyed.
You hit the ice dragon. The ice dragon closely misses you.
The ice dragon barely misses you. You block the ice dragon's attack.
You block the steam dragon simulacrum's attack.
The steam dragon simulacrum barely misses you.
You slash the steam dragon simulacrum!
Lightning courses through the steam dragon simulacrum!
The steam dragon simulacrum vaporises!
Okawaru accepts your kill.
You slash the ice dragon!
The ice dragon bites you but does no damage.
The ice dragon claws you.
* * * LOW HITPOINT WARNING * * *
You block the ice dragon's attack.
You hit the ice dragon but do no damage.
The ice dragon is heavily wounded.
You slash the steam dragon simulacrum!
Lightning courses through the steam dragon simulacrum!
The steam dragon simulacrum vaporises!
Okawaru accepts your kill. The ice dragon breathes frost at you.
The blast of cold hits you!!
You die...

#"".#
..$"#
#....##
.....$#
....$$#
##....$.#
#..k.[.$#
#ZD# #@##
#..##
#...#
#..#####
##.#...##
#...#..#
#..##.##
##.#..#
###.###


You could see an ice dragon (catching breath), a rime drake and a steam dragon
simulacrum.

Vanquished Creatures
  Pikel (D:3)
  A komodo dragon (Lair:1)
  2 rime drakes (IceCv)
  A wyvern (D:8)
  A fire elemental (D:8)
  3 yaks (D:8)
  4 fire bats (D:8)
  A steam dragon (D:8)
  Menkaure (D:7)
  An acid dragon (D:9)
  3 water moccasins (Lair:1)
  A hell hound (D:8)
  3 orc warriors
  A sky beast (D:6)
  A black bear (D:7)
  7 centaurs
  A phantom (D:4)
  2 lemures (D:3)
  A kobold brigand (D:9)
  6 bullfrogs
  5 scorpions
  6 killer bees
  2 lindwurm simulacra (IceCv)
  4 howler monkeys
  2 lava snakes (D:8)
  A crimson imp (D:3)
  4 komodo dragon simulacra (IceCv)
  5 jellies
  2 hounds
  5 orc priests
  3 gnoll boudas
  9 orc wizards
  2 sleepcaps
  5 iguanas
  A mummy (D:5)
  12 gnolls
  2 acid dragon simulacra (IceCv)
  10 adders
  A river rat (D:3)
  An ufetubus (D:5)
  6 steam dragon simulacra (IceCv)
  4 worms
  2 dart slugs
  49 orcs
  17 ball pythons
  11 endoplasms
  10 giant cockroaches
  7 goblins
  7 hobgoblins
  7 kobolds
  13 quokkas
  5 bats
  9 frilled lizards
  A goblin skeleton (D:3)
  2 goblin zombies (D:3)
  5 hobgoblin zombies (D:3)
  A kobold skeleton (D:3)
  A kobold zombie (D:3)
  An orc skeleton (D:3)
  5 rats
287 creatures vanquished.

Notes
Turn   | Place    | Note
-------+----------+-------------------------------------------
     0 | D:1      | randomguy2701 the Minotaur Fighter began the quest for the
                  | Orb.
     0 | D:1      | Reached XP level 1. HP: 19/19 MP: 0/0
   198 | D:1      | Found Roce's Antique Armour Shop.
   204 | D:1      | Reached XP level 2. HP: 27/27 MP: 1/1
   817 | D:2      | Reached skill level 3 in Axes
   817 | D:2      | Reached XP level 3. HP: 33/33 MP: 2/2
   851 | D:2      | Identified the +4 whip "Eczioziz" {freeze, rC++ Dex+6}
   980 | D:2      | Found a stormy altar of Qazlal.
  1046 | D:2      | Reached XP level 4. HP: 12/41 MP: 3/3
  1291 | D:2      | Reached skill level 4 in Axes
  1916 | D:3      | Found a glowing golden altar of the Shining One.
  1925 | D:3      | Reached XP level 5. HP: 47/47 MP: 4/4
  2069 | D:3      | Found a glowing drain.
  2123 | Sewer    | Entered a sewer
  2366 | Sewer    | Reached skill level 5 in Axes
  2401 | Sewer    | Reached skill level 5 in Fighting
  2401 | Sewer    | Reached XP level 6. HP: 35/56 MP: 5/5
  2403 | Sewer    | Reached skill level 5 in Armour
  2959 | D:4      | Noticed Pikel
  3129 | D:3      | Killed Pikel
  3130 | D:3      | Reached skill level 7 in Axes
  3130 | D:3      | Reached skill level 1 in Dodging
  3130 | D:3      | Reached XP level 7. HP: 30/62 MP: 6/6
  3486 | D:4      | Reached skill level 8 in Axes
  3486 | D:4      | Reached XP level 8. HP: 62/70 MP: 7/7
  3932 | D:5      | Entered Level 5 of the Dungeon
  3939 | D:5      | Found Ziditte's Antique Armour Emporium.
  4106 | D:5      | Found a snail-covered altar of Cheibriados.
  4129 | D:5      | Found a staircase to the Ecumenical Temple.
  4276 | D:5      | Reached skill level 9 in Axes
  5001 | Temple   | Entered the Ecumenical Temple
  5008 | Temple   | Became a worshipper of Warmaster Okawaru
  5223 | D:6      | Found Camakeo's Magic Scroll Shop.
  5226 | D:6      | Bought a scroll of identify for 26 gold pieces
  5448 | D:6      | Reached XP level 9. HP: 78/78 MP: 8/8
  5921 | D:7      | Noticed Menkaure
  5930 | D:7      | Killed Menkaure
  5931 | D:7      | Reached skill level 10 in Axes
  5931 | D:7      | Reached skill level 5 in Shields
  6047 | D:7      | Reached * piety under Okawaru
  7076 | D:8      | Found a staircase to the Lair.
  7232 | D:8      | Reached ** piety under Okawaru
  7236 | D:8      | Reached skill level 11 in Axes
  7335 | D:8      | Reached XP level 10. HP: 69/88 MP: 5/9
  7628 | D:8      | Reached *** piety under Okawaru
  7709 | D:8      | Reached skill level 12 in Axes
  8079 | D:9      | Found a staircase to the Orcish Mines.
 10054 | Lair:1   | Entered Level 1 of the Lair of Beasts
 10060 | Lair:1   | Found a frozen archway.
 10227 | Lair:1   | Reached skill level 10 in Armour
 10244 | Lair:1   | Reached skill level 1 in Invocations
 10322 | IceCv    | Entered an ice cave
 10331 | IceCv    | Reached skill level 1 in Stealth
 10470 | IceCv    | Noticed an ice statue
 10470 | IceCv    | Noticed an ice statue
 11185 | IceCv    | Noticed an ice dragon
 11199 | IceCv    | Killed from afar by an ice dragon

Illustrated notes

Levels and vault maps discovered:
D:1:      psy_arrival_whirlpool, layout_loops_cross, serial_shops,
          nicolae_shop_tiny_real_fake_doors, st_stairs_9, roderic_roman_lattice
D:2:      layout_rooms, basic_altar, minivault_5, nicolae_eternal_life,
          nicolae_half_adder
D:3:      layout_loops_corners, nicolae_tso_besieged_by_evil,
          portal_sewer_entry_a, ebering_dispersal_statue_hall
D:4:      layout_basic, uniq_pikel
D:5:      layout_basic, slow_altar_1, temple_statues, serial_shops,
          nicolae_lakefront_shop
D:6:      layout_loops_ring, serial_shops, nicolae_shop_behind_doors,
          moated_statue
D:7:      layout_layer_cave, uniq_menkaure
D:8:      minmay_recursive_quarters, layout_rooms, hangedman_incinerator
D:9:      layout_layer_cave, david_orc_5, st_stairs_7
Temple:   hellmonk_temple_of_storms
Lair:1:   layout_cave_pods, portal_ice_cave_entry_pillars_1
IceCv:    ice_cave_small_dragons

Skill      XL: |  1  2  3  4  5  6  7  8  9 10 |
---------------+-------------------------------+-----
Fighting       | 4 5 6 8 9 |  9.1
Armour         | 4 6 7 9 10 | 10.4
Axes           | 3 4 5 7 8 9 11 12 | 12.9
Shields        | 4 6 7 |  7.3
Dodging        | 1 2 3 4 |  4.2
Invocations    | 2 |  2.0
Stealth        | 1 |  1.1

Action                     |  1- 3 |  4- 6 |  7- 9 | 10-12 || total
---------------------------+-------+-------+-------+-------++-------
  Melee: War axe           |    71 |   200 |   304 |   120 ||   695
         Headbutt          |     7 |    29 |    82 |    53 ||   171
         Hand axe          |       |       |       |    92 ||    92
 Invoke: Heroism           |       |       |       |     1 ||     1
    Use: Scroll            |       |       |     3 |     5 ||     8
         Potion            |       |       |       |     1 ||     1
 Armour: Scale mail        |    34 |    51 |       |       ||    85
         Chain mail        |       |    20 |   116 |    70 ||   206
  Dodge: Dodged            |    23 |    83 |   103 |    81 ||   290
  Block: Buckler           |    18 |    56 |    88 |    47 ||   209
         Kite shield       |       |       |       |    42 ||    42

Table legend: (Time is in decaauts)
 A = Elapsed time spent in this place.
 B = Non-inter-level travel time spent in this place.
 C = Inter-level travel time spent in this place.
 D = Time resting spent in this place.
 E = Time spent auto-exploring this place.
 F = Levels seen in this place.
 G = Mean time per level.
                   A        B        C        D        E       F      G
               +--------+--------+--------+--------+--------+-----+--------+
         Total |  11337 |  10423 |    914 |    298 |   8306 |  13 |  872.1 |
       Dungeon |   9731 |   8825 |    906 |    222 |   7260 |   9 | 1081.2 |
        Temple |     14 |      7 |      7 |      0 |      0 |   1 |   14.0 |
          Lair |    263 |    263 |      0 |      0 |    155 |   1 |  263.0 |
         Sewer |    465 |    465 |      0 |      0 |    241 |   1 |  465.0 |
      Ice Cave |    862 |    862 |      0 |     76 |    649 |   1 |  862.0 |
               +--------+--------+--------+--------+--------+-----+--------+

Top non-repeatable levels by time:
     D:9: 1583 daAuts
     D:5: 1263 daAuts
     D:8: 1203 daAuts
     D:7: 1153 daAuts
     D:3: 1081 daAuts
     D:2: 1022 daAuts
     D:6: 908 daAuts
   IceCv: 862 daAuts
     D:1: 800 daAuts
     D:4: 713 daAuts
   Sewer: 465 daAuts
  Lair:1: 263 daAuts
  Temple: 14 daAuts
